 Dungeon Crawl Stone Soup version 0.22-b1-26-g9dbaab1 (webtiles) character file.

18412 nicolaieve the Peltast (level 12, -20/106 HPs)
             Began as a Minotaur Berserker on Aug 6, 2018.
             Was a High Priest of Trog.
             Demolished by Yfixteps's ghost (31 damage)
             ... on level 2 of the Lair of Beasts.
             The game lasted 00:59:03 (11682 turns).

nicolaieve the Peltast (Minotaur Berserker)        Turns: 11682, Time: 00:59:33

Health: -20/106    AC: 17    Str: 22    XL:     12   Next: 27%
Magic:  7/11       EV: 16    Int:  6    God:    Trog [*****.]
Gold:   875        SH: 14    Dex: 15    Spells: 11/11 levels left

rFire    . . .     SeeInvis +   k - +1 whip (elec)
rCold    . . .     Gourm    .   w - +0 shield
rNeg     . . .     Faith    .   E - +0 plate armour
rPois    .         Spirit   .   (helmet restricted)
rElec    .         Reflect  .   (no cloak)
rCorr    .         Harm     .   d - +0 pair of gloves of the Blessed Realm {Regen+ Int+2 Dex-5}
MR       .....                  e - +0 pair of boots
Stlth    ..........             (no amulet)
HPRegen  0.67/turn              x - ring of see invisible
MPRegen  0.12/turn              u - +2 ring of evasion

@: agile, berserk cooldown, very slightly contaminated, starving, slowed,
drained, invisible, very slow
A: retaliatory headbutt, horns 2
a: Berserk, Trog's Hand, Brothers in Arms, Renounce Religion


You were on level 2 of the Lair of Beasts.
You worshipped Trog.
Trog was extremely pleased with you.
You were starving.

You visited 2 branches of the dungeon, and saw 13 of its levels.

You collected 935 gold pieces.
You spent 60 gold pieces at shops.

Inventory:

Hand Weapons
 k - a +1 whip of electrocution (weapon)
 A - a +2 whip of flaming
Armour
 d - the +0 pair of gloves of the Blessed Realm (worn) {Regen+ Int+2 Dex-5}
   (You acquired it on level 9 of the Dungeon)

   It affects your intelligence (+2).
   It affects your dexterity (-5).
   It increases your rate of regeneration.
 e - a +0 pair of boots (worn)
 w - a +0 shield (worn)
 E - a +0 plate armour (worn)
Jewellery
 l - a +4 ring of intelligence
 u - a +2 ring of evasion (right hand)
 x - a ring of see invisible (left hand)
 F - an uncursed ring of flight
 N - an uncursed ring of protection from cold {unknown}
Wands
 a - a wand of acid (10)
 b - a wand of random effects (6)
 r - a wand of scattershot (10)
 D - a wand of disintegration (12)
 G - a wand of polymorph (16)
 I - a wand of flame (40)
 K - a wand of enslavement (13)
 O - a wand of paralysis (23)
Scrolls
 g - 8 scrolls of remove curse
 o - 5 scrolls of fog
 p - a scroll of vulnerability {unknown}
 q - 4 scrolls of immolation
 t - 2 scrolls of magic mapping {unknown}
 v - 2 scrolls of blinking {unknown}
 y - 3 scrolls of enchant weapon {unknown}
 B - 2 scrolls of torment
 H - 3 scrolls of teleportation
 J - a scroll of enchant armour
 M - 4 scrolls of fear {unknown}
 P - a scroll of silence {unknown}
Potions
 f - a potion of haste
 h - 6 potions of curing
 i - 2 potions of resistance
 j - 3 potions of heal wounds
 m - a potion of berserk rage
 n - 3 potions of mutation
 C - 2 potions of might
Comestibles
 c - 38 rations


   Skills:
 + Level 10.2(9.9) Fighting
 - Level 12.0(11.6) Maces & Flails
 + Level 10.4(10.0) Armour
 + Level 4.3(4.0) Dodging
 - Level 15.0(14.6) Shields


You had 11 spell levels left.
You didn't know any spells.
Your spell library was empty.

Dungeon Overview and Level Annotations

Branches:
Dungeon (11/15)            Temple (0/1) D:5            Lair (2/6) D:10
 Spider (0/4) Lair:2          Orc (0/2) D:10
  Swamp: Lair:2-4    Shoals: Lair:2-4

Altars:
Ashenzari
Cheibriados
Dithmenos
Fedhas
Gozag
Hepliaklqana
Kikubaaqudgha
Makhleb
Trog
Xom
Zin
Beogh

Shops:
D:11 *

Annotations:
Lair:2 Yfixteps's ghost, journeyman TrMo


Innate Abilities, Weirdness & Mutations

You reflexively headbutt those who attack you in melee.
You have a pair of horns on your head.


Message History

You fade into invisibility!
You are very lightly contaminated with residual magic.
You're too hungry.
The crude dire flail {chaos} hits you! The crude dire flail {chaos} hits you!
You feel your power leaking away.
You block the crude dire flail {chaos}'s attack.
You block the crude dire flail {chaos}'s attack.
The crude dire flail {chaos} hits you.
The crude dire flail {chaos} draws strength from your wounds!
The crude dire flail {chaos} hits you!!
* * * LOW HITPOINT WARNING * * *
There is an escape hatch in the ceiling, spattered with blood here.
You feel agile all of a sudden. The crude dire flail {chaos} hits you!
* * * LOW HITPOINT WARNING * * *
You fade further into invisibility.
You block the crude dire flail {chaos}'s attack.
Yfixteps's ghost hits you!!
You die...

##.##..)...............#.........
##................(....#........
##................(.....#........
.................................
........................#.#[.....
...............)........#.#....^^
#..............................^.
.............................^.^^
................@..............^^
...............(W...........^..^^
.#.............................^^
.###...................#..P...^^.
.# ##..................###.....^^
.## ##....(...........## ##..^...
..# ##......##'##...## ##..^.^
..# #.#>....#$_.#..## #...^. .##
##..#...##.####.# ###...


You could see a crude dire flail {chaos} and Yfixteps's ghost.

Vanquished Creatures
  Fannar (Lair:1)
  2 hydras
  Urug (Lair:2)
  Pikel (D:4)
  An ugly thing (D:11)
  A black mamba (Lair:1)
  A gargoyle (D:11)
  A centaur skeleton (D:11)
  A rime drake (Lair:2)
  2 komodo dragons (Lair:1)
  A queen bee (Lair:1)
  2 trolls (D:11)
  A hornet (D:8)
  3 hippogriffs
  A meliai zombie (D:11)
  A spriggan (D:8)
  A wyvern (D:8)
  2 wraiths (D:10)
  A basilisk (Lair:1)
  5 yaks (Lair:1)
  3 hungry ghosts
  Eustachio (D:5)
  Edmund (D:5)
  4 water moccasins
  2 sky beasts
  3 porcupines
  5 orc warriors
  6 ice beasts
  A black bear (D:6)
  2 ogres
  2 phantoms
  3 slaves (D:4)
  6 crocodiles
  The ghost of letownia2 the Insei, an amateur DsTm (D:4)
  3 centaurs
  7 wolves
  A big kobold (D:8)
  5 gnoll sergeants
  9 bullfrogs
  A wyvern skeleton (D:7)
  4 scorpions
  40 killer bees
  9 wights
  2 electric eels (D:9)
  5 howler monkeys
  2 bullfrog zombies
  2 centaur zombies
  3 crimson imps
  4 jellies
  13 hounds
  4 orc priests
  3 gnoll shamans (D:9)
  4 bullfrog skeletons
  3 iguanas
  9 orc wizards
  5 worker ants
  A killer bee zombie (D:9)
  2 hound zombies (D:5)
  A hound skeleton (D:8)
  A worker ant zombie (D:5)
  36 gnolls
  17 adders
  A howler monkey skeleton (D:11)
  3 shadow imps
  An adder zombie (D:5)
  An adder skeleton (D:3)
  4 worms (D:3)
  5 dart slugs
  2 leopard geckos
  74 orcs
  10 bats
  7 giant cockroaches
  7 goblins
  5 hobgoblins
  10 jackals
  3 frilled lizards
  11 kobolds
  2 quokka zombies
  6 rats
418 creatures vanquished.

Vanquished Creatures (others)
  2 gnolls (D:9)
2 creatures vanquished.

Grand Total: 420 creatures vanquished

Notes
Turn   | Place    | Note
-------+----------+-------------------------------------------
     0 | D:1      | nicolaieve the Minotaur Berserker began the quest for the Orb.
     0 | D:1      | Reached XP level 1. HP: 19/19 MP: 0/0
   109 | D:1      | Reached XP level 2. HP: 20/26 MP: 1/1
   399 | D:1      | Reached skill level 5 in Maces & Flails
   539 | D:1      | Reached XP level 3. HP: 31/31 MP: 2/2
  1019 | D:2      | Reached ** piety under Trog
  1019 | D:2      | Reached XP level 4. HP: 32/39 MP: 3/3
  1047 | D:2      | Found an ancient bone altar of Kikubaaqudgha.
  1293 | D:2      | Found a hazy altar of Hepliaklqana.
  1409 | D:3      | Found a faded altar of an unknown god.
  1592 | D:3      | Found a snail-covered altar of Cheibriados.
  1596 | D:3      | Reached XP level 5. HP: 43/45 MP: 4/4
  1625 | D:3      | Noticed a moth of wrath
  1627 | D:3      | Found a bloodstained altar of Trog.
  2164 | D:4      | Noticed Pikel
  2164 | D:4      | Noticed a slave
  2165 | D:4      | Noticed a slave
  2165 | D:4      | Noticed a slave
  2165 | D:4      | Noticed a slave
  2172 | D:4      | Killed a slave
  2179 | D:4      | Killed a slave
  2184 | D:4      | Killed Pikel
  2184 | D:4      | Reached skill level 10 in Maces & Flails
  2184 | D:4      | Reached XP level 6. HP: 30/51 MP: 5/5
  2184 | D:4      | Reached XP level 7. HP: 34/57 MP: 6/6
  2211 | D:4      | Reached *** piety under Trog
  2357 | D:4      | Found a runed gate.
  2358 | D:4      | Found a runed gate.
  2359 | D:4      | Found a runed gate.
  2435 | D:4      | Found a blossoming altar of Fedhas.
  2471 | D:4      | Noticed letownia2's ghost (amateur DsTm)
  2490 | D:4      | Killed letownia2's ghost
  2653 | D:5      | Entered Level 5 of the Dungeon
  2726 | D:5      | Found a staircase to the Ecumenical Temple.
  2795 | D:5      | Noticed Edmund
  2811 | D:5      | Killed Edmund
  2811 | D:5      | Reached skill level 1 in Shields
  2811 | D:5      | Reached XP level 8. HP: 64/64 MP: 7/7
  2909 | D:5      | Reached skill level 2 in Shields
  3164 | D:5      | Noticed Eustachio
  3168 | D:5      | Killed Eustachio
  3324 | D:5      | Reached skill level 3 in Shields
  3331 | D:5      | Reached skill level 4 in Shields
  3354 | D:5      | Found a shadowy altar of Dithmenos.
  3538 | D:5      | Reached skill level 5 in Shields
  3638 | D:6      | Reached skill level 6 in Shields
  3717 | D:6      | Reached skill level 7 in Shields
  3732 | D:6      | Reached XP level 9. HP: 58/71 MP: 8/8
  3817 | D:6      | Reached skill level 8 in Shields
  3825 | D:6      | Reached **** piety under Trog
  4009 | D:6      | Reached skill level 9 in Shields
  4106 | D:6      | Received a gift from Trog
  4456 | D:7      | Reached skill level 10 in Shields
  4558 | D:7      | Reached skill level 11 in Shields
  5072 | D:7      | Reached skill level 12 in Shields
  5075 | D:7      | Reached XP level 10. HP: 60/78 MP: 9/9
  5101 | D:8      | Noticed a six-headed hydra
  5107 | D:8      | Killed a six-headed hydra
  5266 | D:8      | Reached skill level 5 in Fighting
  5268 | D:8      | Reached ***** piety under Trog
  5632 | D:8      | Reached skill level 13 in Shields
  5682 | D:8      | Found a roughly hewn altar of Beogh.
  6023 | D:9      | Found a burning altar of Makhleb.
  6177 | D:9      | Reached skill level 14 in Shields
  6207 | D:9      | Found a glowing silver altar of Zin.
  6207 | D:9      | Noticed an angel
  6210 | D:9      | Noticed a balrug
  6791 | D:9      | Found a shattered altar of Ashenzari.
  6820 | D:9      | Identified a scroll of acquirement
  6824 | D:9      | Got a pair of ichor-stained gloves
  6835 | D:9      | Identified the +0 pair of gloves of the Blessed Realm {Regen+ Int+2 Dex-5} (You acquired it on level 9 of the Dungeon)
  6974 | D:9      | Found a burning altar of Makhleb.
  6974 | D:9      | Noticed a balrug
  7430 | D:9      | Reached skill level 5 in Armour
  7840 | D:9      | Reached XP level 11. HP: 88/88 MP: 10/10
  7860 | D:9      | Received a gift from Trog
  8030 | D:10     | Entered Level 10 of the Dungeon
  8104 | D:10     | Found a staircase to the Orcish Mines.
  8276 | D:10     | Found a roughly hewn altar of Beogh.
  8448 | D:10     | Found a staircase to the Lair.
  8591 | D:10     | Found an opulent altar of Gozag.
  8773 | D:11     | Found Ydwatuj's General Store.
  9278 | D:11     | Bought a scroll of teleportation for 36 gold pieces
  9278 | D:11     | Bought a scroll of identify for 24 gold pieces
  9376 | D:11     | Reached skill level 15 in Shields
  9551 | D:11     | Noticed a purple ugly thing
  9562 | D:11     | Killed a purple ugly thing
  9565 | D:11     | Received a gift from Trog
  9738 | Lair:1   | Entered Level 1 of the Lair of Beasts
  9911 | Lair:1   | Noticed Fannar
  9943 | Lair:1   | Killed Fannar
  9993 | Lair:1   | Reached ****** piety under Trog
 10182 | Lair:1   | Reached XP level 12. HP: 104/104 MP: 11/11
 10189 | Lair:1   | Received a gift from Trog
 10783 | Lair:2   | Noticed a six-headed hydra
 10793 | Lair:2   | Killed a six-headed hydra
 10793 | Lair:2   | Reached skill level 10 in Armour
 10795 | Lair:2   | Reached skill level 10 in Fighting
 10913 | Lair:2   | Noticed Urug
 10929 | Lair:2   | Killed Urug
 10942 | Lair:2   | Found a runed door.
 11060 | Lair:2   | Found a shimmering altar of Xom.
 11060 | Lair:2   | Noticed Yfixteps's ghost (journeyman TrMo)
 11076 | Lair:2   | Found a hole to the Spider Nest.
 11682 | Lair:2   | Demolished by Yfixteps's ghost

Skill      XL: |  1  2  3  4  5  6  7  8  9 10 11 12 |
---------------+-------------------------------------+-----
Maces & Flails | 4 5 6 10 11 12 | 12.0
Shields        | 1 7 12 14 15 | 15.0
Fighting       | 5 9 10 | 10.2
Armour         | 5 9 10 | 10.4
Dodging        | 4 |  4.3

Action                   |  1- 3 |  4- 6 |  7- 9 | 10-12 || total
-------------------------+-------+-------+-------+-------++-------
Melee: Mace              |    50 |    41 |       |       ||    91
       Headbutt          |    11 |    16 |    82 |   152 ||   261
       Whip              |       |    73 |   358 |   903 ||  1334
Invok: Berserk           |     2 |     4 |     7 |    20 ||    33
       Trog's Hand       |       |       |       |     2 ||     2
  Use: Scroll            |       |       |       |    18 ||    18
       Potion            |       |       |       |     1 ||     1
 Stab: Sleeping          |       |     1 |       |       ||     1
  Eat: Chunk             |     2 |     6 |    18 |    38 ||    64
       Ration            |       |       |       |     1 ||     1
Armor: Animal skin       |    14 |    33 |     2 |       ||    49
       Ring mail         |       |       |     5 |       ||     5
       Scale mail        |       |       |    43 |       ||    43
       Plate armour      |       |       |     6 |   290 ||   296
       Chain mail        |       |       |     6 |       ||     6
Dodge: Dodged            |    27 |    73 |    71 |   162 ||   333
Block: Shield            |       |       |   115 |   469 ||   584
